 Dungeon Crawl Stone Soup version 0.29-a0-297-g7659ce593d (webtiles) character file.

Game seed: 16606651781118196676

14 Dabor the Insei (level 2, 0/14 HPs)
             Began as a Vine Stalker Transmuter on Mar 22, 2022.
             Was a Believer of Uskayaw.
             Slain by a quokka (1 damage)
             ... on level 1 of the Dungeon.
             The game lasted 00:00:39 (528 turns).

Dabor the Insei (Vine Stalker Transmuter)            Turns: 528, Time: 00:00:39

Health: 0/14       AC:  2    Str: 12    XL:     2   Next: 41%
Magic:  0/6        EV: 12    Int: 13    God:    Uskayaw [**....]
Gold:   39         SH:  0    Dex: 14    Spells: 4/5 levels left

rFire   . . .      SeeInvis .     - Unarmed
rCold   . . .      Faith    .   (no shield)
rNeg    . . .      Spirit   +   a - +0 robe
rPois   .          Reflect  .   (helmet currently unavailable)
rElec   .          Harm     .   (no cloak)
rCorr   .          Rampage  .   (no gloves)
Will    .....                   (boots currently unavailable)
Stlth   +.........              (no amulet)
HPRegen 0.04/turn               (no ring)
MPRegen 0.10/turn               (no ring)

@: appendages (expiring)
A: horns 2, talons 2, fangs 2, magic shield, antimagic bite, no potion heal 2
a: End Transformation, Renounce Religion, Stomp, Line Pass


You were on level 1 of the Dungeon.
You worshipped Uskayaw.
Uskayaw was noncommittal.
You had temporarily grown beastly horns and talons.
You visited 1 branch of the dungeon, and saw 1 of its levels.

You collected 39 gold pieces.

Inventory:

Armour
 a - a +0 robe (worn)
Jewellery
 e - a +6 ring of dexterity
Scrolls
 c - 3 scrolls of identify {unknown}
 d - a scroll of acquirement {unknown}
Potions
 b - a potion of lignification
 f - a potion of heal wounds {unknown}


   Skills:
 + Level 1.1 Fighting
 + Level 1.7 Dodging
 + Level 3.1 Unarmed Combat
 + Level 2.4 Spellcasting
 + Level 2.2 Transmutations


You had 4 spell levels left.
You knew the following spells:

 Your Spells              Type           Power      Damage    Failure   Level
a - Beastly Appendage     Tmut           14%        N/A       10%         1

Your spell library contained the following spells:

 Spells                   Type           Power      Damage    Failure   Level
 Wereblood                Tmut           7%         N/A       16%         2
 Spider Form              Tmut/Pois      4%         N/A       43%         3
 Ice Form                 Ice/Tmut       4%         N/A       83%         4


Dungeon Overview and Level Annotations

Branches:
Dungeon (1/15)

Altars:
Uskayaw


Innate Abilities, Weirdness & Mutations

You have temporarily grown beastly horns and talons.
You have extremely sharp teeth.
When hurt, damage is shared between your health and your magic reserves.
Your bite disrupts and absorbs the magic of your enemies.
Potions cannot restore your health.


Message History

The jackal attacks as you move away! The jackal closely misses you.
The quokka attacks as you move away! The quokka bites you.
* * * LOW HITPOINT WARNING * * *
The jackal attacks as you move away! The jackal closely misses you. x2
The jackal attacks as you move away! The jackal barely misses you.
The jackal bites you.
Casting: Beastly Appendage (safe; 10% risk of failure)
Confirm with . or Enter, or press ? or * to list all spells.
You grow a pair of large bovine horns.
Your feet morph into talons.
You hit the jackal but do no damage. You claw the jackal.
You kill the jackal!
The jackal barely misses you.
You barely miss the jackal. The jackal barely misses you.
You barely miss the jackal. You headbutt the jackal.
Your bite misses the jackal.
The jackal is moderately wounded.
The jackal barely misses you.
You closely miss the jackal. Your bite misses the jackal.
The jackal is moderately wounded.
The jackal bites you.
* * * LOW HITPOINT WARNING * * *
The jackal closely misses you.
You closely miss the jackal. Your kick misses the jackal.
The jackal is moderately wounded.
Your transformation is almost over.
The jackal bites you.
* * * LOW HITPOINT WARNING * * *
You barely miss the jackal. Your kick misses the jackal.
The jackal is moderately wounded.
The jackal closely misses you.
You closely miss the jackal.
The jackal is moderately wounded.
The jackal bites you but does no damage.
The jackal completely misses you.
You hit the jackal.
You kill the jackal!
You can now pass through a line of other dancers.
You closely miss the quokka. The quokka barely misses you.
You barely miss the quokka. Your kick misses the quokka. The quokka bites you.
You die...

### ....
.....############# .
#.......r@......# ##
......#...########.# ..
.........# ##.## .
............####...#######
##
.#......................#
.
...........####..>#####.#
#######..##...#### ##.##
...#...[# #...# #.#
...#.#..# #..)# #.#


You could see a quokka.

Vanquished Creatures
  2 endoplasms (D:1)
  A giant cockroach (D:1)
  3 goblins (D:1)
  A hobgoblin (D:1)
  2 jackals (D:1)
  2 frilled lizards (D:1)
11 creatures vanquished.

Notes
Turn   | Place    | Note
-------+----------+-------------------------------------------
     0 | D:1      | Dabor the Vine Stalker Transmuter began the quest for the
                  | Orb.
     0 | D:1      | Reached XP level 1. HP: 9/9 MP: 4/4
   142 | D:1      | Found a faded altar of an unknown god.
   199 | D:1      | Reached skill level 1 in Fighting
   213 | D:1      | Reached XP level 2. HP: 8/14 MP: 4/6
   250 | D:1      | Prayed at the altar of an unknown god.
   250 | D:1      | Became a worshipper of Uskayaw the Reveller
   250 | D:1      | Reached * piety under Uskayaw
   526 | D:1      | Reached ** piety under Uskayaw
   528 | D:1      | Slain by a quokka

Illustrated notes

Levels and vault maps discovered:
D:1:      minmay_arrival_solitary_statue, layout_loops_ring,
          basic_ecumenical_altar, amcnicky_mini_corridor_feature

Skill      XL: |  1 |
---------------+----+-----
Fighting       | 1 |  1.1
Dodging        | |  1.7
Unarmed Combat | |  3.1
Spellcasting   | |  2.4
Transmutations | |  2.2

Action                   || total
-------------------------++-------
Melee: Unarmed           ||    38
       Bite              ||     6
       Kick              ||     1
       Headbutt          ||     1
 Cast: Beastly Appendage ||     1
 Stab: Sleeping          ||     2
Armor: Robe              ||     7
Dodge: Dodged            ||    33

Table legend: (Time is in decaauts)
 A = Elapsed time spent in this place.
 B = Non-inter-level travel time spent in this place.
 C = Inter-level travel time spent in this place.
 D = Time resting spent in this place.
 E = Time spent auto-exploring this place.
 F = Levels seen in this place.
 G = Mean time per level.
                   A        B        C        D        E       F      G
               +--------+--------+--------+--------+--------+-----+--------+
         Total |    525 |    490 |     35 |      0 |    413 |   1 |  525.0 |
       Dungeon |    525 |    490 |     35 |      0 |    413 |   1 |  525.0 |
               +--------+--------+--------+--------+--------+-----+--------+

Top non-repeatable levels by time:
     D:1: 525 daAuts
